AoeStats
← NoroSync

Arabian Desert

509038382Analyzed
1v1 RM · 8d ago on Sep 25, 2026· 40m 4s· 2 players
Game mode
Random Map
Map size
Tiny (2 player)
Population
200
Speed
Normal
Resources
Standard
Victory
Conquest
Starting age
Dark Age
Ending age
Imperial Age
RankedLock teamsTeams togetherTeam positionsShared explorationLock speedFull tech treeHidden civsTurbo modeCheats
Victory
Defeat
🇩🇪 Chinese · Germany
383
+17
🇺🇸 Slavs · United States
403
-17
NoroSync
10:25 Loom
13:30 Feudal Age
20:29 Double-Bit Axe
25:34 Horse Collar
33:58 Castle Age
33:51 Fletching
38:35 Forging
39:16 Crossbowman
ENIKMA 0666
18:31 Feudal Age
19:28 Feudal Age
18:03 Loom
27:57 Padded Archer Armor
28:41 Fletching
33:02 Wheelbarrow
Connection lost

Rejoining the realm…

Still unreachable

The connection could not be restored.

Session expired

The server has moved on; the page needs a fresh start.